AoeStats
← Fs.Black_

MegaRandom

508986347Analyzed
4v4 RM · 7d ago on Sep 25, 2026· 25m 24s· 8 players
Game mode
Random Map
Map size
Large (8 player)
Population
200
Speed
Normal
Resources
Standard
Victory
Conquest
Starting age
Dark Age
Ending age
Imperial Age
RankedLock teamsTeams togetherTeam positionsShared explorationLock speedFull tech treeHidden civsTurbo modeCheats
Victory
Defeat
🇩🇪 Mongols · Germany
1792
+14
🇹🇷 Ethiopians · Türkiye
1661
+20
🇩🇪 Varangians · Germany
1542
+24
🇩🇪 Saxons · Germany
1532
+24
🇧🇷 Varangians · Brazil
1882
-26
🇨🇦 Danes · Canada
1745
-21
🇧🇷 Mongols · Brazil
1671
-18
🇧🇷 Berbers · Brazil
1649
-17
MyNameIsLassen
0:33 Loom
0:42 Loom
9:03 Feudal Age
9:49 Double-Bit Axe
9:45 Horse Collar
15:52 Scale Barding Armor
16:18 Forging
17:29 Bloodlines
23:31 Castle Age
21:48 Gold Mining
24:40 Chain Barding Armor
25:41 Wheelbarrow
25:28 Bow Saw
26:34 Iron Casting
heybrowazzup
0:28 Loom
9:57 Feudal Age
14:01 Fletching
14:27 Padded Archer Armor
22:54 Castle Age
21:17 Horse Collar
21:23 Double-Bit Axe
23:44 Bow Saw
22:56 Crossbowman
23:32 Bodkin Arrow
24:01 Leather Archer Armor
LM | MaggieWuerze
0:33 Loom
8:55 Feudal Age
12:37 Fletching
22:27 Castle Age
22:04 Double-Bit Axe
22:12 Gold Mining
22:03 Horse Collar
22:30 Crossbowman
23:24 Bodkin Arrow
24:29 Ballistics
Vicky R
0:28 Loom
8:07 Feudal Age
8:40 Double-Bit Axe
8:44 Horse Collar
15:26 Forging
17:18 Wheelbarrow
17:19 Scale Barding Armor
18:37 Bloodlines
23:35 Castle Age
22:08 Gold Mining
24:36 Chain Barding Armor
23:38 Light Cavalry
24:19 Husbandry
26:18 Iron Casting
Fs.BlinkAoE
0:29 Loom
9:34 Feudal Age
9:39 Man-at-Arms
10:32 Arson
13:37 Town Watch
18:25 Double-Bit Axe
20:14 Fletching
Fs.Neras
0:30 Loom
8:51 Feudal Age
9:35 Horse Collar
12:20 Bloodlines
17:13 Scale Barding Armor
Fs.Shiling
0:35 Loom
8:38 Feudal Age
9:09 Double-Bit Axe
15:56 Wheelbarrow
16:01 Scale Barding Armor
16:31 Bloodlines
17:34 Forging
24:00 Castle Age
22:04 Horse Collar
23:13 Gold Mining
25:07 Bow Saw
25:20 Chain Barding Armor
25:05 Husbandry
Fs.Black_
0:29 Loom
8:31 Feudal Age
13:56 Fletching
16:11 Padded Archer Armor
21:55 Castle Age
20:53 Double-Bit Axe
22:34 Bodkin Arrow
21:59 Crossbowman
24:02 Leather Archer Armor
Connection lost

Rejoining the realm…

Still unreachable

The connection could not be restored.

Session expired

The server has moved on; the page needs a fresh start.